 Dungeon Crawl Stone Soup version 0.28-a0-653-g7e9dba17c3 (webtiles) character file.

Game seed: 6394577629871615991

51 BranchRamps the Ruffian (level 3, 0/42 HPs)
             Began as a Draconian Transmuter on Oct 12, 2021.
             Slain by a gnoll (5 damage)
             ... on level 2 of the Dungeon.
             The game lasted 00:10:39 (1332 turns).

BranchRamps the Ruffian (Draconian Transmuter)      Turns: 1332, Time: 00:10:44

Health: 0/42       AC: 21    Str: 13    XL:     3   Next: 57%
Magic:  2/6        EV:  2    Int: 13    God:
Gold:   22         SH:  0    Dex: 11    Spells: 3/6 levels left

rFire   . . .      SeeInvis .     - Unarmed
rCold   . . .      Faith    .   (no shield)
rNeg    . . .      Spirit   .   (armour unavailable)
rPois   +          Reflect  .   (helmet currently unavailable)
rElec   .          Harm     .   (cloak currently unavailable)
rCorr   .          Rampage  .   (gloves currently unavailable)
Will    .....      NoTele   +   (boots currently unavailable)
Stlth   +.........              (no amulet)
HPRegen 0.14/turn               (no ring)
MPRegen 0.10/turn               (no ring)

@: mighty, tree-form, wereblooded
A: stationary, stasis, torment immunity, boosted hp, AC +5, unfitting armour,
(cold-blooded)
a: no special abilities


You were on level 2 of the Dungeon.
You were a tree.
You visited 1 branch of the dungeon, and saw 2 of its levels.

You collected 22 gold pieces.

Inventory:

Missiles
 a - 62 sling bullets
 b - 44 stones
 d - 3 boomerangs (quivered)
 i - 16 bolts
Armour
 j - a +0 cloak (melded)
Scrolls
 c - a scroll of teleportation {unknown}
 f - a scroll of holy word {unknown}
Potions
 h - a potion of ambrosia {unknown}


   Skills:
 + Level 1.1 Fighting
 + Level 2.2 Dodging
 + Level 0.2 Stealth
 + Level 3.7 Unarmed Combat
 + Level 2.3 Spellcasting
 + Level 2.3 Transmutations


You had 3 spell levels left.
You knew the following spells:

 Your Spells              Type           Power      Damage    Failure   Level
a - Beastly Appendage     Tmut           14%        N/A       10%         1
b - Wereblood             Tmut           7%         N/A       14%         2

Your spell library contained the following spells:

 Spells                   Type           Power      Damage    Failure   Level
 Ensorcelled Hibernation  Hex/Ice        2%         N/A       36%         2
 Spider Form              Tmut/Pois      2%         N/A       41%         3
 Tukima's Dance           Hex            1%         N/A       58%         3
 Ice Form                 Ice/Tmut       4%         N/A       83%         4


Dungeon Overview and Level Annotations

Branches:
Dungeon (2/15)

Altars:


Innate Abilities, Weirdness & Mutations

You are a tree.
Your roots penetrate the ground, keeping you stationary.
You cannot be teleported.
You are immune to unholy pain and torment.
Your maximum health is greatly increased.
Your equipment is partially melded.
((Your plain brown scales are hard. (AC +5)))
You cannot fit into any form of body armour.
((You are cold-blooded and may be slowed by cold attacks.))


Message History

Your headbutt misses the jackal.
The jackal is almost dead.
The jackal barely misses you. The gnoll barely misses you.
You completely miss the jackal. Your kick misses the jackal.
Your headbutt misses the jackal.
The jackal is almost dead.
The jackal bites you but does no damage.
The gnoll misses you.
You barely miss the jackal. Your kick misses the jackal.
Your headbutt misses the jackal.
The jackal is almost dead.
The jackal bites you but does no damage.
The gnoll hits you with a +0 flail.
You miss the jackal. You tail-slap the jackal.
You feel a bit better.
You kill the jackal!
Your transformation is almost over.
The gnoll hits you from afar with a +0 spear.
The gnoll hits you with a +0 flail.
You hit the gnoll.
You tail-slap the gnoll, but do no damage.
The gnoll is moderately wounded.
The gnoll throws a poisoned dart.
The poisoned dart closely misses you. The gnoll closely misses you.
You hit the endoplasm.
The endoplasm is almost dead.
The gnoll hits you but does no damage. The gnoll hits you with a +0 flail.
* * * LOW HITPOINT WARNING * * *
The endoplasm hits you but does no damage.
It was a potion of might.
You feel very mighty all of a sudden. The gnoll misses you.
The gnoll closely misses you.
The endoplasm hits you but does no damage.
It was a potion of lignification.
Your horns disappear.
Your talons disappear.
You turn into a tree.
Your +0 cloak melds into your body.
Your roots penetrate the ground.
The gnoll hits you from afar with a +0 spear.
* * * LOW HITPOINT WARNING * * *
The endoplasm barely misses you. The gnoll hits you with a +0 flail.
You die...

#.# ## #.# ###. #.# .
####... #.# ..
.......###.# ...
........##.########.....
..............S....[...
#.#.....#....g##......
###.###...#####.♣Jg.....
......†...# ####......
..#.#.........# .....
..............#
#..........
..#...........#
##.........
...............##....>....
..............^...........
#####.........##.........
#..........#........ #


You could see 2 gnolls, an endoplasm and a ball python.

Vanquished Creatures
  A gnoll (D:2)
  A worm (D:2)
  A dart slug (D:1)
  5 endoplasms
  A giant cockroach (D:2)
  2 goblins
  3 hobgoblins
  8 jackals
  A kobold (D:1)
  4 ball pythons (D:1)
  A frilled lizard (D:1)
  2 rats (D:1)
30 creatures vanquished.

Notes
Turn   | Place    | Note
-------+----------+-------------------------------------------
     0 | D:1      | BranchRamps the Draconian Transmuter began the quest for
                  | the Orb.
     0 | D:1      | Reached XP level 1. HP: 16/16 MP: 3/3
   255 | D:1      | Reached XP level 2. HP: 23/23 MP: 5/5
  1180 | D:2      | Reached XP level 3. HP: 28/28 MP: 4/6
  1187 | D:2      | Learned a level 2 spell: Wereblood
  1332 | D:2      | Slain by a gnoll

Illustrated notes

Levels and vault maps discovered:
D:1:      dpeg_arrival_three_smaller_balls, layout_basic, amethyst_killhole
D:2:      cheibrodos_helix_gallery, layout_rooms,
          hellmonk_ecumenical_altar_dog_temple

Skill      XL: |  1 |
---------------+----+-----
Dodging        | 2 |  2.2
Fighting       | |  1.1
Stealth        | |  0.2
Unarmed Combat | |  3.7
Spellcasting   | |  2.3
Transmutations | |  2.3

Action                   || total
-------------------------++-------
Melee: Unarmed           ||    78
       Kick              ||    12
       Tailslap          ||     8
       Headbutt          ||     9
 Cast: Beastly Appendage ||    15
       Wereblood         ||     2
  Use: Potion            ||     2
 Stab: Sleeping          ||     2
Armor: Skin              ||    22
Dodge: Dodged            ||    50

Table legend: (Time is in decaauts)
 A = Elapsed time spent in this place.
 B = Non-inter-level travel time spent in this place.
 C = Inter-level travel time spent in this place.
 D = Time resting spent in this place.
 E = Time spent auto-exploring this place.
 F = Levels seen in this place.
 G = Mean time per level.
                   A        B        C        D        E       F      G
               +--------+--------+--------+--------+--------+-----+--------+
         Total |   1327 |   1230 |     97 |      0 |    889 |   2 |  663.5 |
       Dungeon |   1327 |   1230 |     97 |      0 |    889 |   2 |  663.5 |
               +--------+--------+--------+--------+--------+-----+--------+

Top non-repeatable levels by time:
     D:1: 1163 daAuts
     D:2: 164 daAuts
